Map: Dusk Towers

Players

Raguel

  • Race: Zerg Zerg
  • League: Diamond

Kronos - Winner!

  • Race: Zerg Zerg
  • League: Diamond

VOD

Have the link to the VOD?

Description

Time

  • Played on: Feb. 19, 2016, 4:13 p.m.
  • Length: 8:55
Show
View Real Time Build Order
Export as new Build Order

Raguel Zerg 

Build Orders: Pool First 

Get SALT Encoding   

  12  0:01  Drone  
  13  0:13  Overlord  
  13  0:17  Drone  
  14  0:31  Drone x2  
  14  0:35  Drone  
  17  0:50  Spawning Pool  
  17  0:51  Drone  
  17  1:12  Hatchery, Extractor  
  17  1:14  Drone  
  16  1:19  Drone  
  17  1:28  Drone x2  
  19  1:38  Queen  
  21  1:42  Zergling x2  
  22  1:51  Spine Crawler  
  22  1:52  Overlord  
  21  2:12  Drone x2  
  23  2:18  Metabolic Boost  
  23  2:24  Queen  
  25  2:35  Drone  
  25  2:36  Drone x3  
  29  2:40  Baneling Nest  
  28  2:48  Drone x2  
  30  3:11  Drone x5  
  34  3:28  Roach Warren  
  34  3:31  Overlord x2  
  33  3:44  Drone  
  33  3:45  Drone x2, Zergling x2, Extractor  
  36  3:49  Zergling x6  
  39  4:13  Extractor  
  39  4:14  Drone  
  39  4:15  Drone x4  
  42  4:39  Hatchery  
  42  4:40  Drone x2  
  42  4:46  Overlord x3  
  40  5:00  Lair  
  40  5:02  Roach  
  40  5:03  Roach  
  40  5:05  Roach x5  
  54  5:16  Drone x2  
  56  5:31  Drone x7  
  63  5:46  Roach  
  63  5:47  Roach  
  63  5:48  Overlord  
  67  5:51  Hatchery  
  66  5:57  Spore Crawler  
  66  5:59  Spore Crawler  
  66  6:04  Roach x2  
  68  6:06  Roach x4  
  68  6:07  Spore Crawler  
  75  6:20  Roach x2  
  69  6:27  Spore Crawler x2  
  69  6:32  Evolution Chamber  
  62  6:46  Spore Crawler, Hydralisk Den  
  60  6:49  Drone x10  
  70  7:20  Overlord x4  
  58  7:33  Queen x2  
  58  7:35  Nydus Network  
  61  7:37  Overlord x2  
  61  7:38  Overlord x3  
  61  7:44  Drone  
  61  7:45  Drone x5  
  67  7:55  Overseer  
  67  7:58  Roach x4  
  75  8:12  Roach x2  
  77  8:23  Roach x4  
  77  8:35  Roach x2  
Show
View Real Time Build Order
Export as new Build Order

Kronos Zerg - Winner!

Build Orders: Hatch First 

Get SALT Encoding   

  12  0:00  Drone  
  13  0:08  Drone  
  14  0:17  Overlord  
  14  0:27  Extractor  
  14  0:28  Extractor  
  12  0:29  Drone  
  12  0:30  Drone  
  12  0:35  Drone  
  17  0:55  Hatchery  
  16  0:59  Drone  
  17  1:11  Spawning Pool  
  17  1:15  Drone  
  17  1:18  Drone  
  18  1:20  Drone  
  19  1:27  Drone  
  20  1:38  Overlord  
  20  1:49  Drone  
  21  1:58  Queen  
  23  2:08  Drone x2  
  25  2:09  Extractor x2  
  25  2:10  Zergling x2  
  24  2:20  Drone  
  24  2:21  Drone  
  26  2:34  Queen x2  
  30  2:37  Drone x2  
  32  2:44  Overlord  
  32  2:47  Zergling x2  
  33  2:59  Metabolic Boost  
  33  3:03  Drone x3  
  35  3:18  Queen  
  35  3:19  Lair  
  37  3:22  Drone x2  
  37  3:23  Drone x3  
  42  3:40  Zergling x2, Extractor  
  42  3:41  Zergling x4, Extractor  
  43  3:48  Zergling x2  
  44  3:49  Overlord  
  44  4:04  Baneling Nest  
  43  4:20  Zergling x8  
  43  4:21  Spire, Zergling x2  
  43  4:22  Overlord  
  47  4:31  Drone x3  
  47  4:32  Drone  
  47  4:33  Overlord, Spine Crawler  
  50  4:50  Drone x3  
  53  5:00  Drone x4  
  57  5:24  Hatchery  
  54  5:34  Zerg Flyer Weapons Level 1  
  54  5:35  Mutalisk  
  53  5:36  Mutalisk x4  
  63  5:50  Mutalisk x2  
  63  5:52  Overlord  
  67  6:05  Overlord  
  67  6:14  Mutalisk x2  
  67  6:15  Mutalisk x2  
  75  6:35  Mutalisk x3  
  75  6:37  Queen, Drone x3  
  75  6:38  Overlord  
  86  6:48  Zergling x8  
  86  6:53  Overlord  
  90  7:06  Mutalisk x3  
  90  7:08  Overlord  
  95  7:16  Mutalisk  
  95  7:20  Mutalisk  
  92  7:22  Zergling x2  
  92  7:23  Zergling x10  
  92  7:28  Drone  
  95  7:36  Zergling x6  
  98  7:46  Mutalisk  
  98  7:48  Drone x2  
  101  7:58  Zergling x4  
  101  7:59  Zergling x4  
  101  8:00  Drone x5  
  110  8:22  Drone x4, Overlord  
  110  8:23  Extractor x2  
  110  8:24  Overlord  
Tags
 
Add a new tag
Caveats
  • Supply blocks, unpowered buildings, or Contaminate may cause inaccurate times.
  • Supply counts are checked every 10 seconds.